 Dungeon Crawl Stone Soup version 0.31-a0-196-g86fe4a5e66 (webtiles) character file.

Game seed: 4064179495551032273

14 jt the Sneak (level 2, -2/26 HPs)
             Began as a Djinni Delver on June 24, 2023.
             Was an Initiate of the Shining One.
             Slain by a hound (5 damage)
             ... on level 4 of the Dungeon.
             The game lasted 00:01:36 (235 turns).

jt the Sneak (Djinni Delver)                         Turns: 235, Time: 00:01:37

Health: -2/26      AC:  3    Str: 11    XL:     2   Next: 60%
Gold:   19         EV: 12    Int: 11    God:    the Shining One [......] SH:  0 Dex: 14

rFire   + + .        a - +0 short sword
rCold   x . .        (no shield)
rNeg    . . .        b - +0 leather armour
rPois   ∞            (no helmet)
rElec   .            (no cloak)
rCorr   .            (no gloves)
SInv    .            (boots unavailable)
Will    .....        (no amulet)
Stlth   +            (no ring)
HPRegen 0.24/turn    (no ring)
MPRegen 0.00/turn

%: infuse magic (-3 HP)
@: flying, glowing
A: sickness immunity, fire resistance 2, cold vulnerability 1, float, innate
caster, HP casting, extra vitality 1
a: Renounce Religion


You were on level 4 of the Dungeon.
You worshipped the Shining One.
The Shining One was noncommittal.
You visited 1 branch of the dungeon, and saw 3 of its levels.

You collected 19 gold pieces.

Inventory:

Hand Weapons
 a - a +0 short sword (weapon)
Armour
 b - a +0 leather armour (worn)
Wands
 g - a wand of digging (3)
Scrolls
 c - a scroll of fog
 d - a scroll of revelation


   Skills:
 + Level 3.8 Fighting
 - Level 1.7 Short Blades
 - Level 2.1 Dodging
 - Level 4.1 Stealth You didn't know any spells. Your spell library was empty.

Dungeon Overview and Level Annotations

Branches:
Dungeon (6/15)
 Temple: D:4-7

Altars:
Xom
The Shining One


Innate Abilities, Weirdness & Mutations

You are immune to sickness and miasma.
You are immune to poison.
Your flesh is very heat resistant. (rF++)
You are vulnerable to cold. (rC-)
You float through the air rather than walking.
You learn spells naturally, not from books.
Your magical power is your life essence.
You have superior vitality. (+4 MHP)


Message History

You kill the ufetubus!
The Shining One accepts your kill.
As you read the scroll of fear, it crumbles to dust.
You assume a fearsome visage.
The ice beast looks frightened!
The orc looks frightened! x2; The hound looks frightened!
You hear a sizzling splash.
A quokka comes into view.
An ogre, an adder and 2 orcs come into view.
Found a shimmering altar of Xom.
The ogre shouts!
The adder hisses angrily.
The orc shouts! x2
An ogre comes into view. It is wielding a +0 giant club.
Cornered, the hound turns to fight!
The orc throws a boomerang.
The boomerang closely misses you. The hound barely misses you.
An adder comes into view.
The adder hisses angrily.
The hound misses you.
There is an escape hatch in the ceiling here.
The hound bites you.
* * * LOW HITPOINT WARNING * * *
A mysterious force pulls you upwards. The hatch slams shut behind you.
You aren't carrying any potions.
Unknown command.
You aren't carrying any potions.
Okay, then.
You hit the hound.
The hound is moderately wounded.
The hound closely misses you. The hound misses you.
You hit the hound.
The hound is moderately wounded.
The hound bites you.
* * * LOW HITPOINT WARNING * * *
You don't know any spells.
You hit the hound. You punch the hound.
The hound is severely wounded.
The hound misses you.
You closely miss the hound.
The hound is severely wounded.
The hound bites you.
You die... # # ....#####.# ......h@..# ###.#######

You could see a hound.

Vanquished Creatures
  An adder (D:5)
  An ufetubus (D:5)
2 creatures vanquished.

Vanquished Creatures (others)
  A centaur (D:5)
1 creature vanquished.

Grand Total: 3 creatures vanquished

Notes
Turn   | Place    | Note
-------+----------+-------------------------------------------
     0 | D:5      | jt the Djinni Delver began the quest for the Orb.
     0 | D:5      | Reached XP level 1. HP: 20/20 MP: 0/0
    23 | D:5      | Noticed an ogre
    51 | D:6      | Noticed a phantom
    80 | D:6      | Found a glowing golden altar of the Shining One.
    83 | D:6      | Became a worshipper of the Shining One
   107 | D:6      | Noticed a wight
   107 | D:6      | Noticed a wight
   132 | D:6      | Noticed an ice beast
   157 | D:5      | Noticed an ice beast
   184 | D:5      | Reached XP level 2. HP: 19/25 MP: 0/0
   224 | D:5      | Killed a centaur
   226 | D:5      | Found a shimmering altar of Xom.
   226 | D:5      | Noticed an ogre
   226 | D:5      | Noticed an ogre
   235 | D:4      | Slain by a hound

Illustrated notes

Levels and vault maps discovered:
D:4:      layout_loops_ring, mainiacjoe_overflow_catwalk_spiral,
          uniq_crazy_yiuf_cottage, uniq_sigmund, uniq_duvessa, uniq_grinder
D:5:      layout_basic, xom_confusion_cloud, minmay_temple_entry_ruins
D:6:      layout_rooms, mainiacjoe_overflow_brackets, lemuel_crystal_altar,
          tso_oasis_becter, ebering_ghost_disaster_area,
          hangedman_decor_opposing

Action                     || total
---------------------------++-------
  Melee: Short sword       ||    24
         Punch             ||     1
    Use: Potion            ||     1
         Scroll            ||     2
 Armour: Leather armour    ||     3
  Dodge: Dodged            ||    31

Table legend: (Time is in decaauts)
 A = Elapsed time spent in this place.
 B = Non-inter-level travel time spent in this place.
 C = Inter-level travel time spent in this place.
 D = Time resting spent in this place.
 E = Time spent auto-exploring this place.
 F = Levels seen in this place.
 G = Mean time per level.
                   A        B        C        D        E       F      G
               +--------+--------+--------+--------+--------+-----+--------+
         Total |    212 |    212 |      0 |      0 |      0 |   3 |   70.7 |
       Dungeon |    212 |    212 |      0 |      0 |      0 |   3 |   70.7 |
               +--------+--------+--------+--------+--------+-----+--------+

Top non-repeatable levels by time:
     D:5: 107 daAuts
     D:6: 100 daAuts
     D:4: 3 daAuts
